 Dungeon Crawl Stone Soup version 0.14-a0-586-g2535b90 (webtiles) character file.

107 Malachi the Firebug (level 3, -1/27 HPs)
             Began as a Djinni Fire Elementalist on Nov 3, 2013.
             Slain by a kobold
             ... wielding a +0,+0 whip
              (2 damage)
             ... on Level 2 of the Dungeon.
             The game lasted 00:02:06 (1489 turns).

Malachi the Firebug (Djinni Fire Elementalist)      Turns: 1489, Time: 00:02:07

HP  -1/27        AC  2     Str  8      XL: 3   Next: 69%
MP   0/0         EV 12     Int 16      God:
Gold 51          SH  0     Dex 13      Spells:  1 memorised,  4 levels left

Res.Fire  : + + +   See Invis. : .   (no weapon)
Res.Cold  : x . .   Warding    : .   a - +0 robe
Life Prot.: + + +   Conserve   : .   (no shield)
Res.Poison: .       Res.Corr.  : .   (no helmet)
Res.Elec. : .       Clarity    : .   (no cloak)
Sust.Abil.: + .     Spirit.Shd : .   (no gloves)
Res.Mut.  : .       Stasis     : +   (boots unavailable)
Res.Rott. : .       Flight     : +   e - amulet of stasis {unknown}
Saprovore : . . .                    (no ring)
                                     f - ring of sustain abilities {unknown}

@: flying, very slightly contaminated, not resistant to hostile enchantments,
fairly stealthy
A: fire immunity, cold vulnerability, life protection 3
a: no special abilities


You were on level 2 of the Dungeon.
You were not hungry.

You visited 1 branch of the dungeon, and saw 2 of its levels.

You collected 51 gold pieces.

Inventory:

Armour
 a - a +0 robe (worn)
Scrolls
 g - 2 scrolls of remove curse {unknown}
 i - 3 scrolls of identify {unknown}
 j - a scroll of amnesia {unknown}
 k - a scroll of blinking {unknown}
Jewellery
 e - an amulet of stasis (around neck) {unknown}
 f - a ring of sustain abilities (left hand) {unknown}
Potions
 c - a potion of magic {unknown}
 d - a potion of restore abilities {unknown}
 h - 5 potions of curing {unknown}
 l - a potion of speed {unknown}
 m - 2 potions of heal wounds {unknown}
Books
 b - a book of Flames

   Spells                             Type                      Level
   *Flame Tongue                      Conjuration/Fire             1
   Throw Flame                        Conjuration/Fire             2
   Conjure Flame                      Conjuration/Fire             3
   Inner Flame                        Hexes/Fire                   3
   Sticky Flame                       Conjuration/Fire             4
   Fireball                           Conjuration/Fire             5


   Skills:
 - Level 1.7 Dodging
 - Level 1.5 Stealth
 + Level 1.8 Spellcasting
 - Level 1.1 Conjurations
 * Level 6.0 Fire Magic


You had 4 spell levels left.
You knew the following spells:

 Your Spells              Type           Power        Failure   Level  Hunger
a - Flame Tongue          Conj/Fire      ##...        6%          1    ##.....


Dungeon Overview and Level Annotations

Branches:
Dungeon (2/27)

Altars:


Innate Abilities, Weirdness & Mutations

You are immune to all types of fire, even holy and hellish.
You are vulnerable to cold.
You need no food.
You have no legs.
You are immune to negative energy.


Message History

Unknown command.
Casting: Flame Tongue
Confirm with . or Enter, or press ? or * to list all spells.
Aiming: Flame Tongue
Press: ? - help, Shift-Dir - straight line, f/p - kobold
Aim: a kobold, wielding a whip (severely wounded)
The flame hits the kobold.
The kobold appears unharmed.
The kobold is severely wounded.
The kobold barely misses you.
You see here a rat corpse.
There is a stone staircase leading down here.
Casting: Flame Tongue
Confirm with . or Enter, or press ? or * to list all spells.
Aiming: Flame Tongue
Press: ? - help, Shift-Dir - straight line, f/p - kobold
Aim: a kobold, wielding a whip (severely wounded)
The flame hits the kobold.
The kobold appears unharmed.
The kobold is severely wounded.
The kobold hits you with a whip.
You die...

############# ######
#......)....######
#....####.................
#.......#.................
#.......#.....#####.......
#.......#@.......##.......
#.......'K....)...'.......
#.......#........##.%.....
#............#...###'#####
#........>.[.+........%...
#............##.......####
#.#######%#####.......####
#.#######.# #...........
#.##......# #........##.


You could see a kobold.

Vanquished Creatures
  3 adders (D:2)
  5 bats
  2 hobgoblins
  2 jackals (D:1)
  4 kobolds
  2 ball pythons (D:1)
  2 giant cockroaches (D:1)
  A giant newt (D:1)
  5 goblins (D:1)
  A rat (D:2)
27 creatures vanquished.

Notes
Turn   | Place    | Note
--------------------------------------------------------------
     0 | D:1      | Malachi, the Djinni Fire Elementalist, began the quest for the Orb.
     0 | D:1      | Reached XP level 1. HP: 14/14 MP: 0/0
   407 | D:1      | Reached XP level 2. EP: 7/21
   522 | D:1      | Reached skill level 5 in Fire Magic
   960 | D:2      | Reached XP level 3. EP: 10/27
  1397 | D:2      | Reached skill level 6 in Fire Magic
  1489 | D:2      | Slain by a kobold

Action                   || total
-------------------------++-------
Melee: Unarmed           ||     1
 Cast: Flame Tongue      ||    60
